 Dungeon Crawl Stone Soup version 0.28-a0-932-g843f935a50 (webtiles) character file.

Game seed: 18102343805438535916

17315 blank1 the Fighter (level 12, -10/130 HPs)
             Began as a Troll Monk on Nov 28, 2021.
             Was a High Priest of Okawaru.
             Mangled by Urug (18 damage)
             ... on level 1 of the Lair of Beasts.
             The game lasted 00:34:30 (10371 turns).

blank1 the Fighter (Troll Monk)                    Turns: 10371, Time: 00:34:30

Health: -10/130    AC:  8    Str: 25    XL:     12   Next: 17%
Magic:  14/14      EV: 13    Int: 15    God:    Okawaru [*****.]
Gold:   386        SH:  0    Dex: 13    Spells: 11/11 levels left

rFire   . . .      SeeInvis .   B - +3 dire flail (freeze)
rCold   . . .      Faith    .   (shield currently unavailable)
rNeg    . . .      Spirit   .   A - +0 steam dragon scales
rPois   .          Reflect  .   y - +1 hat {Int+3}
rElec   .          Harm     .   a - scarf {repulsion}
rCorr   .          Rampage  .   (gloves unavailable)
Will    .....                   (boots unavailable)
Stlth   ++........              d - amulet of regeneration
HPRegen 1.91/turn               g - +6 ring of intelligence
MPRegen 0.14/turn               E - +4 ring of slaying

@: repel missiles
A: large, unfitting armour, claws 3, regeneration 1, shaggy fur 1, tough skin 1
a: Renounce Religion, Heroism, Finesse, Duel


You were on level 1 of the Lair of Beasts.
You worshipped Okawaru.
Okawaru was extremely pleased with you.
You visited 3 branches of the dungeon, and saw 13 of its levels.
You visited the Abyss 1 time.
You also visited: Sewer and Bailey.

You collected 1166 gold pieces.
You spent 780 gold pieces at shops.

Inventory:

Hand Weapons
 f - a +4 trident
 B - a +3 dire flail of freezing (weapon)
Missiles
 o - 4 throwing nets (quivered)
 q - 52 boomerangs
 r - 53 poisoned darts
 C - 15 large rocks
Armour
 a - a scarf of repulsion (worn)
 y - a +1 hat of intelligence (worn)
 A - +0 steam dragon scales (worn)
Jewellery
 d - an amulet of regeneration (around neck)
 g - a +6 ring of intelligence (left claw)
 E - a +4 ring of slaying (right claw)
 I - a ring of ice
Wands
 h - a wand of flame (57)
 u - a wand of digging (4)
 x - a wand of paralysis (8)
 G - a wand of iceblast (4)
Scrolls
 j - 4 scrolls of teleportation
 s - a scroll of immolation
 t - 3 scrolls of enchant weapon
 v - a scroll of fog
 F - 2 scrolls of magic mapping
 J - 2 scrolls of blinking {unknown}
Potions
 b - 7 potions of curing
 c - a potion of invisibility
 e - 8 potions of flight
 i - a potion of ambrosia
 k - 3 potions of might
 l - 4 potions of lignification
 m - 2 potions of cancellation
 n - 2 potions of mutation {unknown}
 p - 3 potions of haste
 w - 2 potions of brilliance {unknown}
 z - 2 potions of heal wounds
 D - a potion of magic


   Skills:
 + Level 11.4 Fighting
 + Level 1.1 Maces & Flails
 - Level 0.4(1.3) Slings
 - Level 2.9(3.0) Throwing
 - Level 4.0 Armour
 - Level 9.0 Dodging
 - Level 2.0 Stealth
 - Level 8.0 Unarmed Combat
 - Level 0.2 Conjurations
 - Level 0.6 Air Magic
 + Level 4.5 Invocations


You had 11 spell levels left.
You didn't know any spells.
Your spell library contained the following spells:

 Spells                   Type           Power      Damage    Failure   Level
 Sting                    Tmut/Pois      0%         1d3       26%         1
 Poisonous Vapours        Pois/Air       2%         N/A       34%         2
 Conjure Flame            Conj/Fire      0%         6-21      61%         3
 Gell's Gravitas          Tloc           0%         N/A       63%         3
 Ignite Poison            Fire/Tmut/Pois 0%         N/A       63%         3
 Ozocubu's Armour         Ice            0%         N/A       63%         3
 Teleport Other           Tloc           0%         N/A       63%         3
 Olgreb's Toxic Radiance  Pois           0%         N/A       95%         4
 Sticky Flame             Conj/Fire      0%         2d3       95%         4
 Metabolic Englaciation   Hex/Ice        0%         N/A       100%        5
 Dispersal                Tloc           0%         N/A       100%        6
 Simulacrum               Ice/Necr       Unusable   N/A       N/A         6

Dungeon Overview and Level Annotations

Branches:
Dungeon (11/15)            Temple (1/1) D:6            Lair (1/6) D:11
    Orc (0/2) D:11          Sewer (visited)          Bailey (visited)

Altars:
Ashenzari
Cheibriados
Dithmenos
Elyvilon
Fedhas
Gozag
Hepliaklqana
Kikubaaqudgha
Makhleb
Nemelex Xobeh
Okawaru
Qazlal
Ru
Sif Muna
Trog
Uskayaw
Vehumet
Wu Jian
Xom
Yredelemnul
Zin
The Shining One

Shops:
D:6 ?   D:10 ?

Annotations:
Lair:1 Urug


Innate Abilities, Weirdness & Mutations

You are too large for most types of armour.
You have claws for hands.
Your natural rate of healing is unusually fast.
You are covered in fur. (AC +1)
You have tough skin. (AC +1)


Message History

The blink frog barely misses you.
You bludgeon the blink frog!!
The blink frog seems to slow down.
You freeze the blink frog.
You kill the blink frog!
Okawaru accepts your kill.
Your Maces & Flails skill increases to level 1!
No target in view!
No target in view!
You see here a blink frog corpse.
Urug shouts!
Urug throws a javelin.
The javelin completely misses you.
Urug throws a javelin.
The javelin barely misses you.
You see here a blink frog corpse.
You puncture Urug! You freeze Urug.
Urug is moderately wounded.
Urug hits you with a +1 battleaxe of electrocution.
Urug hits you with a +1 battleaxe of electrocution!!
You sock Urug!
Urug is heavily wounded.
Urug hits you with a +1 battleaxe of electrocution!
You are electrocuted!
You puncture Urug! You freeze Urug.
Urug is severely wounded.
Urug closely misses you.
You closely miss Urug.
Urug is severely wounded.
Urug hits you with a +1 battleaxe of electrocution!
You puncture Urug! You freeze Urug.
Urug is severely wounded.
Urug hits you with a +1 battleaxe of electrocution!!
You are electrocuted!
* * * LOW HITPOINT WARNING * * *
Urug hits you with a +1 battleaxe of electrocution!
* * * LOW HITPOINT WARNING * * *
You closely miss Urug.
Urug is severely wounded.
Urug hits you with a +1 battleaxe of electrocution!
* * * LOW HITPOINT WARNING * * *
You are electrocuted!!
You die...

#...P≈≈≈≈≈P.#####.#........
#...P≈≈≈≈≈P.#...^.#........
#...PPPPPPP...# #..........
#....PPPPPP.#.###.#........
.#...PP.PPPP....##..........
.P...........#.###.#........
............##.##........##.
..§.......†..#.##.......####
........(.#@##.##.......#
...........o....#.......#
................#.......#
................#.......#
..........#.............P#
......$.##.##..........#
....... #.#..#........#
.....> #.##.#.......## ...
#.##.##....###


You could see Urug.

Vanquished Creatures
  Erolcha (D:11)
  Harold (D:8)
  7 death yaks (D:11)
  A two-headed ogre (D:9)
  Sonja (D:11)
  A wretched star (Abyss:2)
  Nergalle (D:11)
  Pikel (D:9)
  An orc knight (Bailey)
  2 cyclopes (D:11)
  An ugly thing (D:11)
  Joseph (D:7)
  Grinder (D:3)
  4 blink frogs (Lair:1)
  2 shadows
  5 yaks (D:8)
  5 steam dragons
  An acid dragon (D:10)
  A water moccasin (D:5)
  5 orc warriors
  2 hornet zombies
  A sky beast (D:5)
  An ogre (D:4)
  3 necrophages
  4 centaurs
  A lemure (D:9)
  A phantom (D:4)
  A gnoll sergeant (D:5)
  A kobold brigand (D:9)
  5 bullfrogs
  2 wyvern zombies (D:5)
  5 scorpions
  9 killer bees (D:9)
  A water moccasin skeleton (D:5)
  5 wights (D:9)
  2 electric eels
  2 howler monkeys (D:11)
  2 centaur zombies
  4 jellies
  4 gnoll shamans
  4 orc priests
  A hound (D:4)
  A bullfrog skeleton (D:5)
  5 iguanas
  Terence (D:2)
  5 orc wizards
  A merfolk siren (Sewer)
  A merfolk avatar (Sewer)
  A killer bee zombie (D:7)
  24 gnolls
  14 adders
  A howler monkey skeleton (D:7)
  2 river rats (Sewer)
  3 white imps
  An adder skeleton (D:4)
  4 dart slugs
  30 orcs
  3 bats
  4 endoplasms
  8 giant cockroaches
  6 goblins
  9 hobgoblins
  7 quokkas
  7 ball pythons
  18 frilled lizards
  25 kobolds
  24 rats
309 creatures vanquished.

Vanquished Creatures (others)
  A gnoll (D:8)
  A fire vortex (Lair:1)
  4 plants (Lair:1)
6 creatures vanquished.

Grand Total: 315 creatures vanquished

Notes
Turn   | Place    | Note
-------+----------+-------------------------------------------
     0 | D:1      | blank1 the Troll Monk began the quest for the Orb.
     0 | D:1      | Reached XP level 1. HP: 22/22 MP: 0/0
   246 | D:1      | Reached XP level 2. HP: 29/29 MP: 1/1
   415 | D:1      | Reached XP level 3. HP: 34/36 MP: 2/2
   620 | D:2      | Noticed Terence
   632 | D:2      | Killed Terence
   633 | D:2      | Reached skill level 3 in Fighting
   633 | D:2      | Reached XP level 4. HP: 29/45 MP: 3/3
   876 | D:3      | Found a hide-covered altar of Uskayaw.
   876 | D:3      | Found a stormy altar of Qazlal.
   943 | D:3      | Reached skill level 1 in Invocations
   943 | D:3      | Reached XP level 5. HP: 44/53 MP: 4/4
   961 | D:3      | Noticed Grinder
   966 | D:3      | Paralysed by Grinder for 4 turns
   984 | D:3      | Killed Grinder
   985 | D:3      | Reached XP level 6. HP: 45/61 MP: 5/5
  1816 | D:4      | Reached skill level 5 in Unarmed Combat
  1909 | D:4      | Reached skill level 4 in Fighting
  1909 | D:4      | Reached XP level 7. HP: 41/70 MP: 6/6
  2047 | D:4      | Reached skill level 1 in Armour
  2699 | D:5      | Entered Level 5 of the Dungeon
  2794 | D:5      | Reached skill level 5 in Fighting
  2794 | D:5      | Reached skill level 5 in Dodging
  2858 | D:4      | Reached XP level 8. HP: 76/80 MP: 7/7
  2865 | D:5      | HP: 2/80 [scorpion (4)]
  2881 | D:5      | HP: 4/80 [scorpion (3)]
  2977 | D:5      | Reached skill level 6 in Fighting
  3056 | D:5      | Found a snail-covered altar of Cheibriados.
  3332 | D:5      | Reached skill level 7 in Fighting
  3709 | D:6      | Found a glowing drain.
  3728 | Sewer    | Entered a sewer
  3835 | Sewer    | Reached XP level 9. HP: 90/93 MP: 8/8
  4242 | D:6      | Found a staircase to the Ecumenical Temple.
  4251 | Temple   | Entered the Ecumenical Temple
  4347 | Temple   | Became a worshipper of Warmaster Okawaru
  4347 | Temple   | Reached * piety under Okawaru
  4347 | Temple   | Reached ** piety under Okawaru
  4586 | D:6      | Found Coutino's Magic Scroll Shop.
  5147 | D:7      | Noticed Joseph
  5154 | D:7      | Killed Joseph
  5581 | D:7      | Reached skill level 8 in Fighting
  5993 | D:8      | Found an ornate altar of the Wu Jian Council.
  6034 | D:8      | Reached *** piety under Okawaru
  6043 | D:8      | Reached skill level 9 in Fighting
  6043 | D:8      | Reached XP level 10. HP: 93/107 MP: 9/11
  6168 | D:8      | Found a flagged portal.
  6179 | Bailey   | Entered a bailey
  6201 | Bailey   | Noticed an orc knight
  6379 | Bailey   | Killed an orc knight
  6901 | D:8      | Noticed Harold
  6911 | D:8      | Killed Harold
  6911 | D:8      | Reached **** piety under Okawaru
  7428 | D:9      | Noticed Pikel
  7447 | D:9      | Killed Pikel
  7621 | D:9      | Found a sacrificial altar of Ru.
  7627 | D:9      | Reached ***** piety under Okawaru
  7706 | D:9      | Noticed a two-headed ogre
  7722 | D:9      | Killed a two-headed ogre
  7722 | D:9      | Received a gift from Okawaru
  7723 | D:9      | Reached skill level 10 in Fighting
  7723 | D:9      | Reached XP level 11. HP: 90/111 MP: 10/12
  8273 | D:10     | Entered Level 10 of the Dungeon
  8569 | D:10     | Found Essured's Magic Scroll Shoppe.
  8577 | D:10     | Bought a scroll of acquirement for 780 gold pieces
  8579 | D:10     | Acquired a scarf of repulsion
  8836 | D:10     | Reached skill level 1 in Throwing
  8845 | D:10     | Found a blossoming altar of Fedhas.
  9273 | D:11     | Received a gift from Okawaru
  9306 | D:11     | Noticed a cyan ugly thing
  9314 | D:11     | Killed a cyan ugly thing
  9354 | D:11     | Noticed Nergalle
  9373 | D:11     | Killed Nergalle
  9533 | D:11     | Noticed a death yak
  9535 | D:11     | Noticed a death yak
  9536 | D:11     | Noticed a death yak
  9536 | D:11     | Noticed a death yak
  9536 | D:11     | Noticed a death yak
  9537 | D:11     | Noticed a death yak
  9538 | D:11     | Noticed a death yak
  9547 | D:11     | Killed a death yak
  9553 | D:11     | Killed a death yak
  9562 | D:11     | Killed a death yak
  9571 | D:11     | Killed a death yak
  9579 | D:11     | Killed a death yak
  9582 | D:11     | Killed a death yak
  9594 | D:11     | Killed a death yak
  9595 | D:11     | Reached skill level 11 in Fighting
  9646 | D:11     | Found a staircase to the Lair.
  9709 | D:11     | Noticed Sonja
  9722 | D:11     | Cast into level 2 of the Abyss (Sonja)
  9745 | Abyss:2  | Noticed a wretched star
  9762 | Abyss:2  | Killed a wretched star
  9793 | D:11     | Escaped the Abyss
  9799 | D:11     | Killed Sonja
  9800 | D:11     | Reached XP level 12. HP: 53/130 MP: 10/13
  9890 | D:11     | Found a staircase to the Orcish Mines.
 10012 | D:11     | Noticed Erolcha
 10018 | D:11     | Killed Erolcha
 10215 | Lair:1   | Entered Level 1 of the Lair of Beasts
 10338 | Lair:1   | Noticed Urug
 10354 | Lair:1   | Reached skill level 1 in Maces & Flails
 10371 | Lair:1   | Mangled by Urug

Illustrated notes

Levels and vault maps discovered:
D:1:      dpeg_arrival_castle, layout_basic
D:2:      layout_rooms, uniq_terence
D:3:      layout_loops_ring, amethyst_overflow_temple_binary, dk_noncrumbling_2,
          uniq_grinder
D:4:      minmay_skewed_foursquare, layout_basic
D:5:      layout_cave_pools, cheibriados_altar_1, st_stairs_5
D:6:      layout_cave_pods, minmay_temple_entry_glassed_door,
          gup_sewer_entry_glass, serial_shops, shop
D:7:      layout_gridville, uniq_joseph
D:8:      layout_basic, general_overflow_altar, enter_bailey_2,
          corexii_hall_statues_u, lemuel_flamethrower_2, uniq_harold
D:9:      layout_loops_cross, nicolae_ru_sacrificial_ziggurat, serial_rivers,
          chequers_serial_rivers_micro_c, chequers_serial_rivers_large_b,
          chequers_serial_rivers_micro_c, chequers_serial_rivers_small_b,
          nicolae_water_bricks, minivault_25, uniq_pikel
D:10:     layout_irregular_city, marbit_many_paths, serial_co_window_serial,
          co_window_corner_a, co_window_paths_a, co_window_of_opportunity_a,
          co_window_of_opportunity_a, co_window_paths_a,
          co_window_unsneaky_path_c, co_window_2corner, co_window_corner_ca,
          co_window_4corner_a, glass_columns_a, glass_columns_a, serial_shops,
          nicolae_diamond_shop
D:11:     layout_loops_ring, dpeg_lair_monsters, orc_0_dummy, uniq_nergalle,
          uniq_erolcha, uniq_sonja
Temple:   eino_temple_rhombus
Lair:1:   layout_gridlike, minmay_lair_oklob_bushes, uniq_urug

Skill      XL: |  1  2  3  4  5  6  7  8  9 10 11 12 |
---------------+-------------------------------------+-----
Dodging        | 3 4 5 6 8 9 |  9.0
Fighting       | 3 4 5 7 9 10 11 | 11.4
Unarmed Combat | 4 5 6 7 8 |  8.0
Invocations    | 1 3 4 |  4.5
Armour         | 1 2 3 4 |  4.0
Stealth        | 2 |  2.0
Throwing       | 2 |  2.9
Maces & Flails | 1 |  1.1
Slings         | |  0.4
Conjurations   | |  0.2
Air Magic      | |  0.6

Action                   |  1- 3 |  4- 6 |  7- 9 | 10-12 || total
-------------------------+-------+-------+-------+-------++-------
Melee: Unarmed           |    75 |   116 |   345 |   411 ||   947
       Punch             |       |     1 |    13 |    18 ||    32
       Dire flail        |       |       |       |    29 ||    29
Throw: Boomerang         |       |       |       |     5 ||     5
       Throwing net      |       |       |       |     2 ||     2
Invok: Heroism           |       |       |     3 |    11 ||    14
  Use: Scroll            |       |       |    11 |     9 ||    20
       Potion            |       |       |     1 |     3 ||     4
 Stab: Sleeping          |       |     2 |     8 |     2 ||    12
       Distracted        |       |     1 |       |       ||     1
Armor: Robe              |    28 |    16 |    48 |       ||    92
       Steam dragon scal |       |       |     8 |   101 ||   109
Dodge: Dodged            |    20 |    53 |   165 |   234 ||   472
       Repelled          |       |       |       |     2 ||     2

Table legend: (Time is in decaauts)
 A = Elapsed time spent in this place.
 B = Non-inter-level travel time spent in this place.
 C = Inter-level travel time spent in this place.
 D = Time resting spent in this place.
 E = Time spent auto-exploring this place.
 F = Levels seen in this place.
 G = Mean time per level.
                   A        B        C        D        E       F      G
               +--------+--------+--------+--------+--------+-----+--------+
         Total |  10376 |   9911 |    465 |    188 |   6319 |  16 |  648.5 |
       Dungeon |   9045 |   8595 |    450 |    186 |   5948 |  11 |  822.3 |
        Temple |    112 |     97 |     15 |      0 |     75 |   1 |  112.0 |
          Lair |    163 |    163 |      0 |      0 |     44 |   1 |  163.0 |
         Abyss |     72 |     72 |      0 |      0 |      0 |   1 |   72.0 |
         Sewer |    518 |    518 |      0 |      0 |    157 |   1 |  518.0 |
        Bailey |    463 |    463 |      0 |      2 |     95 |   1 |  463.0 |
               +--------+--------+--------+--------+--------+-----+--------+

Top non-repeatable levels by time:
     D:4: 1216 daAuts
     D:9: 1144 daAuts
     D:6: 965 daAuts
    D:10: 963 daAuts
    D:11: 883 daAuts
     D:3: 797 daAuts
     D:7: 765 daAuts
     D:8: 762 daAuts
     D:5: 700 daAuts
   Sewer: 518 daAuts
     D:1: 515 daAuts
  Bailey: 463 daAuts
     D:2: 330 daAuts
  Lair:1: 163 daAuts
  Temple: 112 daAuts
